 Dungeon Crawl Stone Soup version 0.31.0-11-ge490571c62 (webtiles) character file.

Game seed: 202657206786040978

432 hawla the Conjurer (level 7, 0/46 HPs)
             Began as a Human Conjurer on Jan 31, 2024.
             Slain by a gnoll
             ... wielding a +0 whip
             ... led by a gnoll bouda
              (6 damage)
             ... on level 4 of the Dungeon on Feb 1, 2024.
             The game lasted 00:10:48 (4321 turns).

hawla the Conjurer (Human Conjurer)                 Turns: 4321, Time: 00:10:49

Health: 0/46       AC:  3    Str:  7    XL:     7   Next: 0%
Magic:  3/10       EV: 12    Int: 21    God:
Gold:   133        SH:  0    Dex: 11    Spells: 3/10 levels left

rFire   . . .        (no weapon)
rCold   . . .        (no shield)
rNeg    . . .        a - +0 robe
rPois   .            (no helmet)
rElec   .            e - +0 cloak
rCorr   .            (no gloves)
SInv    .            (no boots)
Will    .....        (no amulet)
Stlth   ++           (no ring)
HPRegen 0.27/turn    (no ring)
MPRegen 0.12/turn

%: no passive effects
@: mighty, about to teleport, attractive
A: explore regen
a: no special abilities


You were on level 4 of the Dungeon.
You visited 1 branch of the dungeon, and saw 4 of its levels.

You collected 133 gold pieces.

Inventory:

Armour
 a - a +0 robe (worn)
 e - a +0 cloak (worn)
Scrolls
 b - a scroll of identify
 g - a scroll of amnesia
 j - a scroll of immolation
Potions
 c - a potion of brilliance
 d - a potion of attraction
 f - a potion of cancellation


   Skills:
 - Level 2.0 Dodging
 - Level 2.0 Stealth
 - Level 2.0 Spellcasting
 + Level 7.8 Conjurations
 - Level 2.0 Translocations


You had 3 spell levels left.
You knew the following spells:

 Your Spells              Type           Power      Damage    Failure   Level
a - Magic Dart            Conj           100%       1d8       1%          1
b - Searing Ray           Conj           68%        2d6       1%          2
c - Iskenderun's Mystic   Conj/Tloc      22%        2d6       21%         4

Your spell library contained the following spells:

 Spells                   Type           Power      Damage    Failure   Level
 Frozen Ramparts          Ice            4%         1d1       41%         3
 Summon Ice Beast         Ice/Summ       2%         N/A       41%         3
 Fulminant Prism          Conj/Alch      9%         3d7       30%         4
 Leda's Liquefaction      Alch/Erth      1%         N/A       82%         4
 Petrify                  Alch/Erth      2%         N/A       82%         4
 Summon Forest            Summ/Tloc      3%         N/A       95%         5
 Metabolic Englaciation   Hex/Ice        1%         N/A       99%         5
 Summon Mana Viper        Hex/Summ       2%         N/A       99%         5
 Eringya's Noxious Bog    Alch           1%         4d6       100%        6
 Monstrous Menagerie      Summ           1%         N/A       100%        7
 Summon Hydra             Summ           1%         N/A       100%        7


Dungeon Overview and Level Annotations

Branches:
Dungeon (4/15)
 Temple: D:4-7

Altars:
Uskayaw

Annotations:
D:3 2 runed translucent doors, Laqueoixx's ghost, amateur OpSh


Innate Abilities, Weirdness & Mutations

You regain HP and MP as you explore.


Message History

You feel your attacks grow feeble.
You hit the gnoll bouda but do no damage.
The gnoll bouda is heavily wounded.
The gnoll bouda completely misses you.
The gnoll is no longer moving quickly.
It was a potion of attraction.
You feel attractive to monsters. The gnoll bouda completely misses you.
It was a potion of might.
You feel very mighty all of a sudden.
The gnoll bouda barks out a call to the hunt!
The gnoll picks up the pace!
You barely miss the gnoll bouda. Your punch misses the gnoll bouda.
The gnoll bouda is heavily wounded.
Your attacks no longer feel as feeble.
The gnoll hits you but does no damage.
The gnoll bouda hits you with a +0 club.
You hit the gnoll bouda.
The gnoll bouda is almost dead.
The gnoll closely misses you. The gnoll bouda barely misses you.
You closely miss the gnoll bouda.
The gnoll bouda is almost dead.
The gnoll barely misses you.
The gnoll bouda hits you with a +0 club.
* * * LOW HITPOINT WARNING * * *
You hit the gnoll bouda but do no damage.
The gnoll bouda is almost dead.
The gnoll hits you with a +0 whip.
* * * LOW HITPOINT WARNING * * *
The gnoll bouda barely misses you.
Okay, then.
As you read the scroll of teleportation, it crumbles to dust.
You feel strangely unstable. The gnoll hits you with a +0 whip.
* * * LOW HITPOINT WARNING * * *
The gnoll bouda mumbles some strange prayers to its god.
The gnoll bouda is healed somewhat.
The gnoll bouda attacks as it pursues you!
The gnoll bouda closely misses you. The gnoll attacks as it pursues you!
The gnoll hits you with a +0 whip.
You die...

..........#
.......)..#
#######'#.#
##.### #...#
#...#
############g..#
#........##.g..#
#........##@#..#
#........##.#..#
#........##.####
#...........#
#######'#####
##..# ##..##
####..## #....##


You could see a gnoll bouda and a gnoll (swift).

Vanquished Creatures
  A black bear (D:3)
  2 scorpions (D:4)
  2 bombardier beetles (D:3)
  6 adders
  2 gnolls
  3 ribbon worms
  A dart slug (D:1)
  2 orcs (D:3)
  3 endoplasms (D:1)
  5 giant cockroaches
  7 goblins
  4 hobgoblins
  5 jackals (D:1)
  5 quokkas
  11 ball pythons
  2 bats
  2 frilled lizards
  5 kobolds
  10 rats
78 creatures vanquished.

Notes
Turn   | Place    | Note
-------+----------+-------------------------------------------
     0 | D:1      | hawla the Human Conjurer began the quest for the Orb.
     0 | D:1      | Reached XP level 1. HP: 13/13 MP: 3/3
     1 | D:1      | Found a runed translucent door.
   129 | D:1      | Reached skill level 1 in Translocations
   255 | D:1      | Reached XP level 2. HP: 19/19 MP: 0/5
   267 | D:1      | Learned a level 2 spell: Searing Ray
   530 | D:1      | Reached XP level 3. HP: 24/24 MP: 3/6
   564 | D:1      | Found a faded altar of an unknown god.
  1518 | D:2      | Reached skill level 5 in Conjurations
  1518 | D:2      | Reached XP level 4. HP: 23/30 MP: 2/7
  1523 | D:2      | Learned a level 4 spell: Iskenderun's Mystic Blast
  2508 | D:3      | Found a hide-covered altar of Uskayaw.
  2731 | D:3      | Reached skill level 6 in Conjurations
  2731 | D:3      | Reached XP level 5. HP: 35/35 MP: 3/8
  2853 | D:3      | Noticed a black bear
  2861 | D:3      | Killed a black bear
  2862 | D:3      | Reached XP level 6. HP: 33/41 MP: 0/9
  3004 | D:3      | Reached skill level 7 in Conjurations
  3106 | D:3      | Found a runed translucent door.
  3109 | D:3      | Noticed Laqueoixx's ghost (amateur OpSh)
  3511 | D:3      | Found a runed translucent door.
  4295 | D:4      | Reached XP level 7. HP: 46/46 MP: 3/10
  4321 | D:4      | Slain by a gnoll

Illustrated notes

Levels and vault maps discovered:
D:1:      dpeg_arrival_caged_fury, layout_loops_cross,
          dreamdust_ecumenical_altar_grove, serial_bayou_pond_c,
          minmay_distorted
D:2:      layout_loops_corners
D:3:      layout_loops_ring, eat_drink_and_be_merry_uskayaw,
          ebering_ghost_sewer_f, amcnicky_mini_rare_corridor_liquid
D:4:      layout_basic, grunt_qazlal_clouds, minmay_temple_entry_antechambers,
          minmay_diced_spiral

Skill      XL: |  1  2  3  4  5  6 |
---------------+-------------------+-----
Translocations | 1 2 |  2.0
Conjurations   | 5 6 7 |  7.8
Dodging        | |  2.0
Stealth        | |  2.0
Spellcasting   | |  2.0

Action                     |  1- 3 |  4- 6 |  7- 9 || total
---------------------------+-------+-------+-------++-------
  Melee: Unarmed           |    21 |    55 |    14 ||    90
         Punch             |       |     1 |       ||     1
   Cast: Magic Dart        |    26 |    25 |     2 ||    53
         Searing Ray       |    18 |    30 |     1 ||    49
    Use: Scroll            |     3 |     6 |     1 ||    10
         Potion            |     1 |     1 |     2 ||     4
   Stab: Invisible         |       |     1 |       ||     1
 Armour: Robe              |    24 |    36 |    12 ||    72
  Dodge: Dodged            |    15 |    61 |    10 ||    86
